AoeStats
← TR-Firebird

Arena

504476309Analyzed
1v1 RM · 27d ago on Sep 5, 2026· 44m 42s· 2 players
Game mode
Random Map
Map size
Tiny (2 player)
Population
200
Speed
Normal
Resources
Standard
Victory
Conquest
Starting age
Dark Age
Ending age
Imperial Age
RankedLock teamsTeams togetherTeam positionsShared explorationLock speedFull tech treeHidden civsTurbo modeCheats
Victory
Defeat
🇹🇷 Bohemians · Türkiye
727
+15
🇨🇭 Japanese · Switzerland
704
-15
Cairo
7:44 Loom
10:24 Feudal Age
8:50 Loom
11:36 Double-Bit Axe
11:33 Horse Collar
17:33 Castle Age
16:51 Scale Mail Armor
17:02 Forging
19:10 Bow Saw
19:42 Pikeman
20:33 Squires
20:28 Gambesons
20:29 Arson
20:28 Man-at-Arms
22:35 Long Swordsman
24:04 Elite Skirmisher
27:55 Fletching
28:32 Gold Mining
28:32 Stone Mining
28:45 Heavy Plow
29:55 Wheelbarrow
29:06 Town Watch
29:46 Sanctity
31:00 Fervor
31:50 Hand Cart
31:35 Town Patrol
32:41 Chain Mail Armor
33:49 Redemption
37:15 Imperial Age
36:27 Bodkin Arrow
36:32 Padded Archer Armor
37:10 Iron Casting
37:38 Gold Shaft Mining
37:15 Yasama
39:26 Two-Man Saw
41:01 Block Printing
40:52 Devotion
41:27 Theocracy
41:18 Illumination
40:54 Atonement
43:19 Ballistics
44:00 Chemistry
43:50 Plate Mail Armor
44:20 Blast Furnace
43:21 Bracer
42:46 Elite Samurai
TR-Firebird
11:28 Feudal Age
12:11 Double-Bit Axe
14:47 Loom
17:23 Castle Age
29:05 Bow Saw
33:41 Imperial Age
31:47 Ballistics
33:11 Chemistry
33:03 Treadmill Crane
35:31 Two-Man Saw
37:13 Wheelbarrow
37:55 Wagenburg Tactics
37:34 Elite Hussite Wagon
40:42 Houfnice
Connection lost

Rejoining the realm…

Still unreachable

The connection could not be restored.

Session expired

The server has moved on; the page needs a fresh start.